 Dungeon Crawl Stone Soup version 0.31.0-12-g77e489cdc1 (webtiles) character file.

Game seed: 2931987310982200014

174 Silvore the Chopper (level 5, -1/47 HPs)
             Began as a Minotaur Fighter on Feb 22, 2024.
             Was an Initiate of Okawaru.
             Slain by a gnoll
             ... wielding a +0 spear
              (2 damage)
             ... on level 4 of the Dungeon.
             The game lasted 00:02:29 (2424 turns).

Silvore the Chopper (Minotaur Fighter)              Turns: 2424, Time: 00:02:29

Health: -1/47      AC:  9    Str: 23    XL:     5   Next: 28%
Magic:  4/4        EV:  8    Int:  5    God:    Okawaru [......]
Gold:   202        SH:  4    Dex:  9    Spells: 4/4 levels left

rFire   . . .        a - +1 war axe
rCold   . . .        c - +0 buckler
rNeg    . . .        n - +0 chain mail
rPois   .            (helmet restricted)
rElec   .            (no cloak)
rCorr   .            (no gloves)
SInv    .            (no boots)
Will    .....        (no amulet) Stlth
                     (no ring)
HPRegen 0.27/turn    (no ring)
MPRegen 0.09/turn

%: no passive effects
@: mighty
A: horns 2, retaliatory headbutt
a: Renounce Religion


You were on level 4 of the Dungeon.
You worshipped Okawaru.
Okawaru was noncommittal.
You visited 2 branches of the dungeon, and saw 5 of its levels.

You collected 202 gold pieces.

Inventory:

Hand Weapons
 a - a +1 war axe (weapon)
Armour
 b - a +0 scale mail
 c - a +0 buckler (worn)
 n - a +0 chain mail (worn)
Scrolls
 e - a scroll of immolation
 h - 3 scrolls of blinking
 l - a scroll of teleportation
 m - a scroll of identify
Potions
 d - 2 potions of might
 f - a potion of invisibility
 g - a potion of degeneration {unknown}
 i - a potion of curing {unknown}
 j - a potion of attraction {unknown}
 k - a potion of haste {unknown}


   Skills:
 + Level 4.6 Fighting
 + Level 4.7 Axes
 + Level 4.5 Armour
 + Level 0.3 Dodging
 + Level 4.3 Shields


You had 4 spell levels left.
You didn't know any spells.
Your spell library contained the following spells:

 Spells                   Type           Power      Damage    Failure   Level
 Inner Flame              Hex/Fire       0%         N/A       100%        3
 Flame Wave               Conj/Fire      0%         2d4       100%        4
 Sticky Flame             Fire/Alch      0%         2d4       100%        4


Dungeon Overview and Level Annotations

Branches:
Dungeon (4/15)             Temple (1/1) D:4

Altars:
Ashenzari
Dithmenos
Elyvilon
Fedhas
Hepliaklqana
Kikubaaqudgha
Okawaru
Ru
Sif Muna
Trog
Uskayaw
Wu Jian
Yredelemnul
Zin
The Shining One

Annotations:
Temple 2 transporters


Innate Abilities, Weirdness & Mutations

You have a pair of horns on your head.
You reflexively headbutt those who attack you in melee.


Message History

The gnoll throws a throwing net.
You block the throwing net.
The gnoll hits you from afar with a +0 spear.
You feel very mighty all of a sudden. You block the sleepcap's attack.
The gnoll hits you but does no damage. x2
You slice the sleepcap!!
You destroy the sleepcap!
Okawaru accepts your kill.
You hit the bush but do no damage. x2
An endoplasm comes into view.
The gnoll barely misses you.
The gnoll throws a throwing net.
The throwing net hits you.
You become entangled in the net!
You tear a large gash into the net.
The gnoll hits you but does no damage.
The gnoll hits you from afar with a +0 spear.
You struggle against the net.
The orc hits you but does no damage.
The gnoll hits you from afar with a +0 spear. x2
* * * LOW HITPOINT WARNING * * *
Unknown command.
You rip the net and break free!
An orc priest comes into view. It is wielding a +0 flail.
The orc closely misses you. The gnoll barely misses you.
You block the gnoll's attack.
The gnoll hits you from afar with a +0 spear!
* * * LOW HITPOINT WARNING * * *
You slash the orc!
You kill the orc!
Okawaru accepts your kill.
You hit the bush. You slash the bush! You block the gnoll's attack.
The gnoll misses you. The gnoll closely misses you.
Unknown command.
Something hits the bush.
The orc priest hits the bush with a +0 flail!
The gnoll attacks as it pursues you!
The gnoll hits you from afar with a +0 spear.
* * * LOW HITPOINT WARNING * * *
The gnoll attacks as it pursues you!
The gnoll hits you from afar with a +0 spear.
* * * LOW HITPOINT WARNING * * *
The gnoll attacks as it pursues you!
The gnoll hits you from afar with a +0 spear.
You die...

.♣P..JP♣.♣....#
#..##.... ...._.)J.♣...#
#....... b♣P...P♣.♣...#
#..#..≈≈ ♣♣P.P♣♣o....#
#....≈≈≈ ♣♣.♣♣PPg...#
#.##.≈≈≈ .P...~≈...#
#.##.≈≈≈ ♣♣♣P.~~.gg#
#.##.≈≈≈ #.......#
#.##..≈≈ ##.....@##
##.##.... ##......##
#..##.... #........##
###...#....
#.........###.........#
#....###................
#...## ##..............#
...# ###########....# .#
##<... ##...


You could see an orc priest, 3 gnolls and an endoplasm.

Vanquished Creatures
  2 sleepcaps
  2 adders (D:3)
  3 gnolls (D:2)
  3 dart slugs
  2 ribbon worms (D:2)
  An orc (D:4)
  4 ball pythons
  4 endoplasms
  4 giant cockroaches
  4 goblins
  7 hobgoblins
  2 jackals (D:3)
  3 quokkas (D:1)
  7 bats
  2 frilled lizards
  5 kobolds
  6 rats
61 creatures vanquished.

Notes
Turn   | Place    | Note
-------+----------+-------------------------------------------
     0 | D:1      | Silvore the Minotaur Fighter began the quest for the Orb.
     0 | D:1      | Reached XP level 1. HP: 19/19 MP: 0/0
   140 | D:1      | Reached XP level 2. HP: 24/27 MP: 1/1
  1031 | D:2      | Reached XP level 3. HP: 31/33 MP: 2/2
  1270 | D:2      | Reached XP level 4. HP: 31/40 MP: 3/3
  1718 | D:3      | Found a glowing silver altar of Zin.
  2157 | D:3      | Reached XP level 5. HP: 47/47 MP: 4/4
  2285 | D:4      | Found a staircase to the Ecumenical Temple.
  2307 | Temple   | Found a transporter.
  2307 | Temple   | Found a transporter.
  2307 | Temple   | Found a transporter.
  2307 | Temple   | Found a transporter.
  2307 | Temple   | Entered the Ecumenical Temple
  2323 | Temple   | Became a worshipper of Warmaster Okawaru
  2405 | D:4      | Found a white marble altar of Elyvilon.
  2424 | D:4      | HP: 1/47 [gnoll/+0 spear (5)]
  2424 | D:4      | Slain by a gnoll

Illustrated notes

Levels and vault maps discovered:
D:1:      matt_arrival_grand_opening, layout_basic, hex_intersection
D:2:      layout_loops_ring, nicolae_grassy_gnolls
D:3:      layout_basic, mainiacjoe_overflow_boulevard
D:4:      layout_layer_cave, nicolae_elyvilon_peaceful_grove, temple_pool_b,
          serial_shops, nicolae_shop_stone
Temple:   hellmonk_temple_divided_pantheon

Skill      XL: |  1  2  3  4 |
---------------+-------------+-----
Shields        | 4 |  4.3
Fighting       | 4 |  4.6
Armour         | 4 |  4.5
Axes           | 3 4 |  4.7
Dodging        | |  0.3

Action                     |  1- 3 |  4- 6 || total
---------------------------+-------+-------++-------
  Melee: War axe           |    66 |    37 ||   103
         Headbutt          |     7 |     7 ||    14
    Use: Scroll            |     5 |     4 ||     9
         Potion            |       |     1 ||     1
 Armour: Scale mail        |    53 |    16 ||    69
         Chain mail        |       |    23 ||    23
  Dodge: Dodged            |    39 |    31 ||    70
  Block: Buckler           |    22 |    17 ||    39
